 Dungeon Crawl Stone Soup version 0.31-a0-1178-gc5c9b8f (webtiles) character file.

Game seed: 10030773056992396868

339756 gompami the Convoker (level 22, -8/137 HPs)
             Began as a Kobold Summoner on Dec 11, 2023.
             Was a High Priest of Wu Jian.
             Killed from afar by a spriggan air mage (30 damage)
             ... with a bolt of lightning
             ... in a wizard's laboratory.
             The game lasted 03:01:31 (50124 turns).

gompami the Convoker (Kobold Summoner)             Turns: 50124, Time: 03:01:32

Health: -8/137     AC: 20    Str:  5    XL:     22   Next: 96%
Magic:  30/43      EV: 24    Int: 26    God:    Wu Jian [*****.]
Gold:   853        SH: 10    Dex: 29    Spells: 0/55 levels left

rFire   . . .        a - +4 scimitar (elec)
rCold   . . .        S - +2 buckler {AC+3}
rNeg    . . .        U - +3 troll leather armour
rPois   +            I - +2 helmet {SInv}
rElec   .            o - +2 cloak {Will+}
rCorr   .            B - +2 pair of gloves {Stlth+}
SInv    +            X - +0 pair of boots
Will    ++...        t - amulet of regeneration
Stlth   +++++++      K - +6 ring of dexterity
HPRegen 2.02/turn    l - ring of Joyf {rPois Int+6 Stlth+}
MPRegen 0.28/turn

%: no passive effects
@: lethally poisoned (-8 -> -9), exhausted, studying Shields
A: small, no large weapons, nightstalker 3
}: 2/15 runes: barnacled, gossamer
a: Renounce Religion, Wall Jump, Serpent's Lash, Heavenly Storm


You were in a wizard's laboratory.
You worshipped Wu Jian.
Wu Jian was extremely pleased with you.
You visited 8 branches of the dungeon, and saw 38 of its levels.
You also visited: Bailey, Gauntlet, Ice Cave and Wizlab.

You collected 5814 gold pieces.
You spent 4961 gold pieces at shops.

Inventory:

Hand Weapons
 a - a +4 scimitar of electrocution (weapon)
 b - a +1 vampiric scimitar
 c - a +5 spectral quick blade
Missiles
 d - 4 darts of dispersal
 G - 7 throwing nets
 Q - 9 curare-tipped darts
Armour
 o - a +2 cloak of willpower (worn)
 B - a +2 pair of gloves of stealth (worn)
 I - a +2 helmet of see invisible (worn)
 S - a +2 buckler of protection (worn)
 U - a +3 troll leather armour (worn)
 X - a +0 pair of boots (worn)
Jewellery
 l - the ring of Joyf (right hand) {rPois Int+6 Stlth+}
   (You bought it in a shop on level 2 of the Orcish Mines)

   [ring of intelligence]

   Int+6:     It affects your intelligence (+6).
   rPois:     It protects you from poison Stlth+: It makes you more stealthy.
 t - an amulet of regeneration (around neck)
 w - the ring of the Magpie {rC+ Int+3}
   (You found it in an ice cave)

   [ring of protection from cold]

   Int+3:     It affects your intelligence (+3).
   rC+:       It protects you from cold.
 K - a +6 ring of dexterity (left hand)
 N - an amulet of magic regeneration
Wands
 e - a wand of roots (24)
 p - a wand of flame (54) (quivered)
 E - a wand of light (23)
 L - a wand of digging (2)
 O - a wand of charming (42)
 Z - a wand of mindburst (33)
Scrolls
 g - 17 scrolls of teleportation
 h - 2 scrolls of blinking
 i - 12 scrolls of revelation
 k - 7 scrolls of poison
 n - 7 scrolls of fog
 q - 6 scrolls of immolation
 x - 5 scrolls of butterflies
 z - 2 scrolls of fear
 C - a scroll of torment
 D - 2 scrolls of vulnerability
Potions
 f - 11 potions of lignification
 j - 6 potions of enlightenment
 m - 4 potions of brilliance
 r - 6 potions of resistance
 s - a potion of cancellation
 u - 11 potions of curing
 y - 4 potions of magic
 A - a potion of mutation
 F - 6 potions of heal wounds
 J - 2 potions of invisibility
 M - 6 potions of attraction
 R - 2 potions of might
 W - 17 potions of ambrosia
 Y - 7 potions of haste
Miscellaneous
 v - a phial of floods
 H - a phantom mirror
 T - a lightning rod (2/4)
 V - a condenser vane


   Skills:
 - Level 14.0 Fighting
 - Level 10.0(16.1) Short Blades
 - Level 13.4(14.0) Long Blades
 - Level 4.0 Armour
 + Level 10.5 Dodging
 - Level 6.0 Stealth
 - Level 8.0 Shields
 + Level 17.4 Spellcasting
 - Level 4.0 Conjurations
 - Level 12.0 Hexes
 - Level 20.0 Summonings
 - Level 4.0 Translocations
 + Level 4.1 Transmutations
 - Level 2.0 Ice Magic
 - Level 6.0 Air Magic
 - Level 4.0 Poison Magic
 - Level 8.0 Evocations


You couldn't memorise any spells.
You knew the following spells:

 Your Spells              Type           Power      Damage    Failure   Level
a - Summon Cactus Giant   Summ           45%        N/A       1%          6
b - Silence               Hex/Air        31%        N/A       3%          5
c - Summon Hydra          Summ           45%        N/A       1%          7
d - Summon Guardian Gole  Hex/Summ       82%        N/A       1%          3
e - Jinxbite              Hex            100%       N/A       1%          2
f - Summon Lightning Spi  Summ/Air       74%        N/A       1%          4
g - Passwall              Tmut/Erth      27%        N/A       3%          2
h - Dazzling Flash        Conj/Hex       100%       N/A       1%          3
i - Swiftness             Air            52%        N/A       1%          3
j - Blink                 Tloc           86%        N/A       1%          2
k - Yara's Violent Unrav  Hex/Tmut       29%        3d12      5%          5
q - Mephitic Cloud        Conj/Pois/Air  46%        N/A       2%          3
r - Summon Mana Viper     Hex/Summ       82%        N/A       1%          5
w - Summon Forest         Summ/Tloc      35%        N/A       1%          5

Your spell library contained the following spells:

 Spells                   Type           Power      Damage    Failure   Level
 Summon Small Mammal      Summ           100%       N/A       0%          1
 Call Imp                 Summ           100%       N/A       0%          2
 Call Canine Familiar     Summ           91%        N/A       0%          3
 Magic Dart               Conj           100%       1d8       1%          1
 Shock                    Conj/Air       100%       1d9       1%          1
 Slow                     Hex            100%       N/A       1%          1
 Ensorcelled Hibernation  Hex/Ice        100%       N/A       1%          2
 Lesser Beckoning         Tloc           86%        N/A       1%          2
 Momentum Strike          Conj/Tloc      86%        3d10      1%          2
 Poisonous Vapours        Pois/Air       96%        N/A       1%          2
 Searing Ray              Conj           86%        2d7       1%          2
 Static Discharge         Conj/Air       96%        3-7/arc   1%          2
 Inner Flame              Hex/Fire       52%        N/A       1%          3
 Tukima's Dance           Hex            71%        N/A       1%          3
 Animate Armour           Summ/Erth      100%       N/A       1%          4
 Cause Fear               Hex            35%        N/A       1%          4
 Fulminant Prism          Conj/Hex       29%        3d14      1%          4
 Summon Ice Beast         Ice/Summ       68%        N/A       1%          4
 Monstrous Menagerie      Summ           45%        N/A       1%          7
 Gell's Gravitas          Tloc           43%        N/A       3%          3
 Teleport Other           Tloc           43%        N/A       3%          3
 Airstrike                Air            26%        2d(4-20)  4%          4
 Anguish                  Hex/Necr       26%        N/A       4%          4
 Leda's Liquefaction      Hex/Erth       26%        N/A       4%          4
 Volatile Blastmotes      Fire/Tloc      66%        2d15      7%          3
 Scorch                   Fire           44%        2d6       8%          2
 Sublimation of Blood     Necr           22%        N/A       8%          2
 Iskenderun's Mystic Bla  Conj/Tloc      43%        2d10      10%         4
 Passage of Golubria      Tloc           43%        N/A       10%         4
 Summon Horrible Things   Summ           45%        N/A       10%         8
 Flame Wave               Conj/Fire      33%        2d10      22%         4
 Sticky Flame             Conj/Fire      33%        2d5       22%         4
 Freezing Cloud           Conj/Ice/Air   21%        6-21      28%         5
 Iskenderun's Battlesphe  Conj           43%        2d9       28%         5
 Spellforged Servitor     Conj/Summ      35%        N/A       32%         7
 Animate Dead             Necr           22%        N/A       45%         4
 Fireball                 Conj/Fire      16%        3d8       54%         5
 Haunt                    Necr/Summ      32%        N/A       58%         7
 Agony                    Necr           22%        N/A       82%         5
 Lee's Rapid Deconstruct  Erth           11%        3d8*      82%         5
 Dragon's Call            Summ           45%        N/A       82%         9
 Eringya's Noxious Bog    Tmut/Pois      21%        4d6       83%         6
 Discord                  Hex            35%        N/A       94%         8
 Bombard                  Conj/Erth      16%        9d3       98%         6
 Infestation              Necr           11%        N/A       100%        8


Dungeon Overview and Level Annotations

Branches:
Dungeon (15/15)            Temple (1/1) D:4            Lair (5/5) D:9
 Shoals (4/4) Lair:2       Spider (4/4) Lair:3        Slime (0/5) Lair:5
    Orc (2/2) D:10            Elf (3/3) Orc:2        Vaults (4/5) D:13
  Crypt (0/3) Vaults:2     Depths (0/4) D:15         Bailey (visited)
  IceCv (visited)          WizLab (1/1)             Gauntlet (visited)

Altars:
Ashenzari
Cheibriados
Dithmenos
Elyvilon
Fedhas
Gozag
Hepliaklqana
Kikubaaqudgha
Makhleb
Nemelex Xobeh
Okawaru
Qazlal
Ru
Sif Muna
Trog
Uskayaw
Vehumet
Wu Jian
Xom
Yredelemnul
Zin
The Shining One
Jiyva
Lugonu

Shops:
D:1 (   D:10 *   D:14 ?   Orc:1 [   Orc:2 =(*=[   Elf:1 [(   Shoals:3 :!!*
Vaults:1 !?   Vaults:4 (

Portals:
Abyss: Lair:5
Trove: D:14 (give +2 gold dragon scales)

Annotations:
D:4 exclusion: water moccasin
D:12 1 runed translucent door
Elf:3 Roxanne
Vaults:2 1 runed translucent door, Pawaof's ghost, veteran KoBe


Innate Abilities, Weirdness & Mutations

You are small and have problems with some larger weapons.
You are completely attuned to the shadows.


Message History

The bolt of electricity hits you!!
The bolt of electricity hits the wind drake!!
The wind drake dies!
The spriggan air mage gestures at you while chanting.
The bolt of lightning hits you!
The bolt of lightning hits your four-headed hydra!!
The bolt of lightning hits your four-headed hydra!!!
Your four-headed hydra dies!
Your four-headed hydra's corpse disappears in a puff of smoke!
Your eight-headed hydra barely misses the death drake.
Your eight-headed hydra closely misses the death drake.
Your eight-headed hydra bites the death drake.
Your eight-headed hydra barely misses the death drake.
Your eight-headed hydra bites the death drake!
Your eight-headed hydra misses the death drake.
Your eight-headed hydra bites the death drake!
The death drake dies!
The Council accepts your kill.
The death drake bites you but does no damage.
You hear a shout! x2
You spin and attack the shock serpent.
You slash the shock serpent!
The shock serpent is almost dead.
The shock serpent's electric aura discharges, shocking you!
You feel sick.
The shock serpent bites you but does no damage.
You block the shock serpent's attack.
Aiming: Thunderbolt
Press: ? - help, Shift-Dir - straight line, f - shock serpent
Aim: a shock serpent (white fluffiness, almost dead)
The thunderbolt hits the spriggan air mage!!
The spriggan air mage is almost dead.
The thunderbolt hits the shock serpent.
The shock serpent completely resists.
The shock serpent is almost dead.
You feel sick.
The spriggan air mage casts a spell at you.
The bolt of lightning misses the shock serpent.
The bolt of lightning hits you!!!
* * * LOW HITPOINT WARNING * * *
The bolt of lightning hits you!!
You die...

#.k##≈≈≈≈≈~.##§§§§
....§.#≈≈≈≈≈~..#§§≈≈
..§§§§#≈≈≈≈≈≈~.##§≈≈
...§§.#~~~~~~[†.#§§≈
..§§§°§.........#§§≈
..§D§°#~~~~~~~..#§§≈
.§§§k§#≈≈≈≈≈≈~.##§§§
.§.iS@#≈≈≈≈≈≈..#≈§§§
..#§§##≈≈≈≈≈~.##§§§§
#######≈≈≈~~..#§§§§§
##################≈~~...##≈≈≈≈
~~~~~≈≈~~~~~~≈≈~≈~~...###≈≈≈≈§
....................###§§§§§§
.####################≈§§§§§§§
##≈≈≈ ≈≈§§§§§§ #≈≈≈≈ ≈§§§§§


You could see a death drake, a shock serpent, a spriggan air mage (repels
missiles, ally target) and a friendly eight-headed hydra (summoned).

Vanquished Creatures
  Sojobo (Vaults:3)
  Zenata (Elf:1)
  A deep elf blademaster (Elf:3)
  A deep elf master archer (Elf:3)
  A kraken (Shoals:1)
  A sphinx (Shoals:4)
  Polyphemus (Shoals:4)
  5 deep elf sorcerers (Elf:3)
  2 frost giants
  4 ghost moths
  6 deep elf elementalists
  3 vault wardens
  5 emperor scorpions (Spider:4)
  2 ironbound thunderhulks
  3 ironbound preservers
  A war gargoyle (Vaults:3)
  A broodmother (Spider:1)
  3 deep elf demonologists (Elf:3)
  2 dire elephants (Vaults:2)
  4 deep elf annihilators (Elf:3)
  2 spark wasps (Spider:2)
  6 deep elf death magi
  A merfolk impaler (Shoals:3)
  2 yaktaur captains
  4 entropy weavers
  3 merfolk javelineers
  A deep elf high priest (Elf:3)
  A peacekeeper (Vaults:3)
  10 hydras
  A vault guard (D:13)
  2 catoblepae
  3 ironbound frosthearts
  A spriggan air mage (WizLab)
  2 ghost crabs (WizLab)
  An alligator snapping turtle (Shoals:4)
  11 boulder beetles
  9 satyrs
  A merfolk avatar (Shoals:4)
  A radroach (Spider:1)
  8 centaur warriors
  2 two-headed ogres
  2 tengu warriors (D:15)
  21 dancing weapons
  4 death yaks
  4 orc high priests (Orc:2)
  7 demonic crawlers
  A thrashing horror (Lair:5)
  9 deep elf knights
  A sun demon (Shoals:1)
  10 skysharks
  5 pharaoh ants
  A death drake (Gauntlet)
  9 orb spiders
  4 deep trolls
  2 lindwurms
  A spriggan simulacrum (IceCv)
  3 bog bodies (IceCv)
  An arcanist (Vaults:4)
  3 deep elf archers (Elf:1)
  6 ironbound convokers
  6 steelbarb worms
  2 sea snakes
  A necromancer (Vaults:2)
  20 deep elf pyromancers
  5 orc knights
  10 wolf spiders
  13 deep elf zephyrmancers
  8 harpies
  4 ugly things
  7 cyclopes
  10 fauns
  An orc sorcerer (Elf:1)
  5 manticores
  3 moths of wrath
  Joseph (Lair:1)
  4 merfolk sirens
  8 black mambas
  2 apocalypse crabs (WizLab)
  3 torpor snails
  2 kobold blastminers
  A water nymph (Shoals:1)
  2 large abominations (Lair:5)
  3 vault sentinels
  17 cane toads
  A gargoyle (D:14)
  13 komodo dragons
  3 unseen horrors
  8 freezing wraiths (IceCv)
  2 rime drakes (Lair:5)
  An efreet (D:13)
  4 yaktaurs (Vaults:3)
  3 golden dragon simulacra (IceCv)
  A polar bear (Lair:2)
  5 trolls
  A meliai (shapeshifter) (Elf:1)
  10 meliai
  16 merfolk
  A queen bee (Lair:2)
  5 tarantellas
  A hornet (Gauntlet)
  2 raiju (Lair:5)
  3 wind drakes
  3 dream sheep
  12 blink frogs
  9 snapping turtles
  A jumping spider (shapeshifter) (D:14)
  9 slime creatures
  7 jumping spiders
  2 shadows
  2 wraiths
  8 culicivoras
  6 spriggans
  3 air elementals
  3 water elementals
  6 wyverns
  7 small abominations (Lair:5)
  42 yaks
  9 nameless horrors
  A dire elephant simulacrum (IceCv)
  A ynoxinul (Lair:5)
  2 humans (D:13)
  A basilisk (shapeshifter) (Elf:1)
  A hog (shapeshifter) (D:9)
  9 basilisks
  A steam dragon (Bailey)
  A minotaur simulacrum (IceCv)
  A chaos spawn (Lair:5)
  18 redbacks
  9 vampire mosquitoes
  5 wargs (Orc:1)
  3 acid dragons
  19 water moccasins
  23 orc warriors
  A sky beast (D:7)
  2 black bears
  An ice beast (D:8)
  28 wolves
  5 ogres
  9 boggarts
  2 centaurs
  A phantom (D:6)
  3 kobold brigands
  The ghost of PiratePeteNZ the Magician, an amateur DEFE of Gozag (D:6)
  14 bullfrogs
  3 earth elementals
  4 gnoll sergeants
  A scorpion (D:6)
  An ogre simulacrum (Vaults:2)
  7 wights (D:8)
  20 killer bees
  A human simulacrum (Vaults:2)
  9 electric eels
  3 howler monkeys
  3 quasits (D:6)
  12 orc priests
  A sleepcap (D:5)
  A hound (D:7)
  6 jellies
  6 hell rats (Lair:5)
  3 iguanas
  19 orc wizards
  15 gnolls
  A river rat (D:9)
  2 adders
  2 shadow imps
  A white imp (D:4)
  An ufetubus (D:6)
  A worm (D:3)
  A dart slug (D:1)
  57 orcs
  5 ball pythons
  5 bats
  6 endoplasms
  5 goblins
  6 hobgoblins
  6 jackals
  10 kobolds
  5 quokkas
  A frilled lizard (D:3)
  5 rats
958 creatures vanquished.

Vanquished Creatures (collateral kills)
  A deep elf blademaster (Elf:3)
  3 sphinxes
  A deep elf master archer (Elf:3)
  2 tengu reavers (Vaults:3)
  2 deep elf sorcerers
  3 vault wardens
  2 emperor scorpions
  2 deep elf elementalists
  2 orc warlords
  3 ironbound preservers
  A broodmother (Spider:2)
  An ironbound thunderhulk (Vaults:2)
  3 formless jellyfish
  3 deep elf annihilators (Elf:3)
  A deep elf demonologist (Elf:3)
  2 dire elephants (Vaults:2)
  A minotaur (Shoals:4)
  A spark wasp (Spider:3)
  A blizzard demon (WizLab)
  A deep elf death mage (Elf:1)
  A yaktaur captain (Vaults:1)
  2 merfolk impalers
  5 great orbs of eyes
  A spriggan air mage (WizLab)
  A hydra (D:13)
  3 vault guards
  2 catoblepae
  2 satyrs
  6 boulder beetles
  A jorogumo (Spider:2)
  3 alligator snapping turtles
  3 merfolk aquamancers
  15 dancing weapons
  A death scarab (Spider:3)
  11 centaur warriors
  An ironbound frostheart (Vaults:3)
  2 death knights (Vaults:2)
  A two-headed ogre (Orc:2)
  A demonic crawler (Spider:3)
  A death yak (Lair:3)
  A thrashing horror (Lair:5)
  An orc high priest (Orc:2)
  A shock serpent (WizLab)
  4 deep elf knights
  A sun demon (Shoals:1)
  4 skysharks
  2 death drakes (WizLab)
  12 sea snakes
  2 sun moths
  2 glowing orange brains
  An orb spider (Spider:2)
  6 deep trolls
  3 deep elf archers
  3 bog bodies (IceCv)
  A spriggan simulacrum (IceCv)
  4 harpies
  7 ironbound convokers
  7 deep elf zephyrmancers
  3 lindwurms
  4 steelbarb worms (Spider:3)
  7 deep elf pyromancers
  5 orc knights
  2 orc sorcerers (Orc:2)
  12 wolf spiders
  A necromancer (IceCv)
  10 manticores
  15 fauns
  A cyclops (D:12)
  An ugly thing (Lair:5)
  A stone giant zombie (Vaults:2)
  3 merfolk sirens
  A black mamba (Lair:3)
  2 water nymphs
  4 vault sentinels
  A smoke demon (Lair:5)
  6 cane toads
  A large abomination (Lair:5)
  A yaktaur (Vaults:3)
  A cane toad (shapeshifter) (Lair:5)
  2 anaconda simulacra (IceCv)
  6 freezing wraiths
  3 komodo dragons (Lair:3)
  An ice devil (IceCv)
  A tengu conjurer (D:14)
  A golden dragon simulacrum (IceCv)
  14 merfolk
  19 tarantellas
  A hornet (Gauntlet)
  4 blink frogs
  A blink frog (shapeshifter) (D:15)
  A raiju (Lair:5)
  6 snapping turtles
  3 wind drakes
  2 dream sheep
  13 slime creatures
  An air elemental (WizLab)
  8 jumping spiders
  4 culicivoras
  11 yaks
  8 water elementals
  2 ynoxinuls (Lair:5)
  7 dire elephant simulacra (IceCv)
  3 basilisks
  A minotaur simulacrum (IceCv)
  3 vampire mosquitoes (D:15)
  An elf skeleton (Vaults:2)
  A warg (Orc:1)
  22 redbacks
  A water moccasin (Lair:3)
  4 orc warriors
  An ettin simulacrum (IceCv)
  A sky beast (D:6)
  3 boggarts (Vaults:2)
  A centaur (D:9)
  8 wolves
  An ogre (Orc:1)
  2 earth elementals (Elf:1)
  A gnoll sergeant (D:9)
  A scorpion (D:4)
  A glowing shapeshifter simulacrum (Vaults:2)
  2 small abominations (Lair:5)
  A wight (D:6)
  10 killer bees (Lair:2)
  A howler monkey (D:9)
  A quasit (D:6)
  10 orc priests
  2 hounds
  2 jellies
  A sleepcap (D:4)
  6 orc wizards
  5 gnolls
  4 adders
  2 ufetubi (D:6)
  A dart slug (D:1)
  13 orcs
  A ball python (D:2)
  2 bats
  4 endoplasms
  A giant cockroach (D:1)
  5 hobgoblins
  9 jackals
  A quokka (D:2)
  2 frilled lizards
  5 goblins
  4 kobolds
  2 rats
515 creatures vanquished.

Vanquished Creatures (others)
  A vault warden (Vaults:3)
  A minotaur (Gauntlet)
  A deep elf annihilator (Elf:3)
  A merfolk impaler (Shoals:3)
  A hydra (D:13)
  A two-headed ogre (D:11)
  A death yak (D:9)
  A centaur zombie (Gauntlet)
  A black mamba (Lair:3)
  A meliai (D:14)
  A wind drake (WizLab)
  A blink frog (Lair:3)
  A meliai zombie (Gauntlet)
  2 slime creatures (Gauntlet)
  3 water elementals (D:11)
  A wraith (D:9)
  An orc warrior (D:8)
  2 centaurs
  A kobold brigand (D:9)
  A gnoll sergeant (D:8)
  6 wights
  A killer bee (D:8)
  2 howler monkeys (D:9)
  2 orc priests (D:8)
  A gnoll (D:8)
  An orc (D:8)
  3 snaplasher vines (Shoals:4)
  4 tentacles (Shoals:1)
44 creatures vanquished.

Grand Total: 1517 creatures vanquished

Notes
Turn   | Place    | Note
-------+----------+-------------------------------------------
     0 | D:1      | gompami the Kobold Summoner began the quest for the Orb.
     0 | D:1      | Reached XP level 1. HP: 10/10 MP: 3/3
    71 | D:1      | Reached XP level 2. HP: 15/15 MP: 3/5
    89 | D:1      | Learned a level 2 spell: Call Imp
   334 | D:1      | Reached skill level 1 in Short Blades
   478 | D:1      | Reached XP level 3. HP: 19/19 MP: 2/6
   671 | D:1      | Noticed a tormentor
   675 | D:1      | Found a faded altar of an unknown god.
   790 | D:1      | Found Asminuaf's Antique Weapon Shop.
  1236 | D:2      | Learned a level 3 spell: Call Canine Familiar
  1278 | D:2      | Reached XP level 4. HP: 19/24 MP: 4/7
  1708 | D:2      | Reached skill level 5 in Summonings
  1944 | D:3      | Found a bloodstained altar of Trog.
  1968 | D:3      | Found a shadowy altar of Dithmenos.
  2454 | D:4      | Reached XP level 5. HP: 28/28 MP: 2/8
  2637 | D:4      | Noticed a water moccasin
  2843 | D:4      | Reached skill level 6 in Summonings
  2843 | D:4      | Reached XP level 6. HP: 32/32 MP: 4/9
  3164 | D:4      | Found a staircase to the Ecumenical Temple.
  3170 | Temple   | Entered the Ecumenical Temple
  3187 | Temple   | Became a worshipper of the Wu Jian Council
  3633 | D:5      | Entered Level 5 of the Dungeon
  3678 | D:5      | Learned a level 3 spell: Summon Guardian Golem
  3895 | D:5      | Reached XP level 7. HP: 35/36 MP: 4/10
  4013 | D:5      | Reached skill level 1 in Hexes
  4125 | D:5      | Found a burning altar of Makhleb.
  4125 | D:5      | Found a hazy altar of Hepliaklqana.
  4354 | D:5      | Reached skill level 5 in Short Blades
  4652 | D:6      | Reached skill level 7 in Summonings
  4715 | D:6      | Reached skill level 5 in Stealth
  4715 | D:6      | Reached XP level 8. HP: 34/41 MP: 5/11
  4832 | D:6      | Reached skill level 1 in Fighting
  4988 | D:6      | Found a transporter.
  5009 | D:6      | Found a glowing silver altar of Zin.
  5015 | D:6      | Found a transporter.
  5017 | D:6      | Noticed PiratePeteNZ's ghost (amateur DEFE)
  5376 | D:6      | Reached * piety under Wu Jian
  5513 | D:6      | Reached XP level 9. HP: 49/52 MP: 5/12
  5617 | D:6      | Found an opulent altar of Gozag.
  5623 | D:6      | Found a glowing golden altar of the Shining One.
  5871 | D:6      | Learned a level 2 spell: Ensorcelled Hibernation
  5889 | D:7      | Found a flagged portal.
  5905 | Bailey   | Entered a bailey
  5938 | Bailey   | Reached skill level 1 in Ice Magic
  5945 | Bailey   | Reached skill level 5 in Fighting
  6004 | Bailey   | Reached skill level 8 in Summonings
  6006 | Bailey   | Noticed a two-headed ogre
  6051 | Bailey   | Reached XP level 10. HP: 23/74 MP: 9/13
  6052 | Bailey   | Reached skill level 10 in Short Blades
  6052 | Bailey   | Reached XP level 11. HP: 25/79 MP: 9/14
  6251 | Bailey   | Reached skill level 1 in Evocations
  6791 | D:7      | Identified the maw talisman of Impatience {rF+ rC- Will+
                  | Int+2}
  7131 | D:7      | Found a blossoming altar of Fedhas.
  7935 | D:8      | Identified the +8 flail "Qaithos" {protect, rPois Str+4
                  | Dex+4}
  7948 | D:8      | Reached ** piety under Wu Jian
  8012 | D:8      | Reached skill level 1 in Long Blades
  8122 | D:8      | Reached XP level 12. HP: 52/84 MP: 18/18
  8291 | D:8      | Learned a level 4 spell: Summon Lightning Spire
  8294 | D:8      | Learned a level 2 spell: Passwall
  9213 | D:9      | Noticed a two-headed ogre
  9214 | D:9      | Noticed a five-headed hydra
  9230 | D:9      | Killed a five-headed hydra
  9233 | D:9      | Reached skill level 5 in Spellcasting
  9417 | D:9      | Killed a two-headed ogre
  9482 | D:9      | Noticed a death yak
  9484 | D:9      | Noticed a death yak
  9530 | D:9      | Noticed a death yak
  9536 | D:9      | Killed a death yak
  9539 | D:9      | Killed a death yak
  9808 | D:9      | Reached *** piety under Wu Jian
  9943 | D:9      | Found a staircase to the Lair.
 10221 | D:9      | Killed a death yak
 10222 | D:9      | Reached skill level 5 in Long Blades
 10222 | D:9      | Reached skill level 1 in Air Magic
 10654 | D:10     | Entered Level 10 of the Dungeon
 10905 | D:10     | Found Morotaimm's Gadget Gallery.
 10910 | D:10     | Bought a lightning rod (4/4) for 520 gold pieces
 10986 | D:10     | Learned a level 3 spell: Swiftness
 10990 | D:10     | Learned a level 3 spell: Dazzling Flash
 11035 | D:10     | You fall into a shaft and drop 3 floors!
 11328 | D:11     | Noticed a two-headed ogre
 11342 | D:11     | Killed a two-headed ogre
 11343 | D:11     | Reached skill level 1 in Conjurations
 11836 | D:10     | Found a staircase to the Orcish Mines.
 11982 | D:10     | Reached XP level 13. HP: 46/90 MP: 11/22
 12294 | D:11     | Reached skill level 1 in Armour
 12739 | D:11     | Reached skill level 5 in Evocations
 13291 | D:12     | Found a runed translucent door.
 13718 | D:12     | Noticed a crystal guardian
 13720 | D:12     | Noticed a crystal guardian
 13768 | D:13     | Found a hide-covered altar of Uskayaw.
 13844 | D:13     | Reached **** piety under Wu Jian
 13857 | D:13     | Noticed an ironbound frostheart
 13859 | D:13     | Found a gate to the Vaults.
 13859 | D:13     | Noticed a vault guard
 13859 | D:13     | Killed an ironbound frostheart
 13880 | D:13     | Killed a vault guard
 13908 | D:13     | Noticed a centaur warrior
 13923 | D:13     | Killed a centaur warrior
 14034 | D:13     | Noticed a seven-headed hydra
 14072 | D:13     | Killed a seven-headed hydra
 14481 | D:13     | Noticed an eight-headed hydra
 14490 | D:13     | Killed a nine-headed hydra
 14996 | D:14     | Found Henuruk's Magic Scroll Emporium.
 15087 | D:14     | Noticed a centaur warrior
 15091 | D:14     | Killed a centaur warrior
 15307 | D:14     | Found a portal to a secret trove of treasure.
 15424 | D:14     | Reached skill level 5 in Air Magic
 15513 | D:14     | Found an iron altar of Okawaru.
 15777 | D:14     | Noticed a centaur warrior
 15781 | D:14     | Killed a centaur warrior
 15815 | D:14     | Reached XP level 14. HP: 96/96 MP: 23/23
 16476 | D:10     | Bought a phantom mirror for 520 gold pieces
 16595 | D:15     | Entered Level 15 of the Dungeon
 16684 | D:15     | Found an opulent altar of Gozag.
 17206 | D:15     | Identified the +1 spear "Hazoth" {antimagic, rN+ Will-
                  | Str+3 SInv}
 17405 | D:15     | Found a staircase to the Depths.
 17405 | D:15     | Noticed a frost giant
 17407 | D:15     | Killed a frost giant
 17903 | Lair:1   | Entered Level 1 of the Lair of Beasts
 17904 | Lair:1   | Found a gate leading to a gauntlet.
 17918 | Gauntlet | Entered a Gauntlet
 17918 | Gauntlet | Found a transporter.
 17918 | Gauntlet | Found a transporter.
 17929 | Gauntlet | Found a transporter.
 17961 | Gauntlet | Found a transporter.
 17980 | Gauntlet | Found a transporter.
 17980 | Gauntlet | Found a transporter.
 18010 | Gauntlet | Found a transporter.
 18034 | Gauntlet | Found a transporter.
 18076 | Gauntlet | Found a transporter.
 18084 | Gauntlet | Found a transporter.
 18099 | Gauntlet | Found a transporter.
 18113 | Gauntlet | Found a transporter.
 18197 | Gauntlet | Found a transporter.
 18205 | Gauntlet | Found a transporter.
 18227 | Gauntlet | Found a transporter.
 18234 | Gauntlet | Found a transporter.
 18428 | Gauntlet | Reached skill level 9 in Summonings
 18551 | Gauntlet | Noticed a minotaur
 18563 | Gauntlet | Killed a minotaur
 19039 | Lair:1   | Reached ***** piety under Wu Jian
 19151 | Lair:1   | Noticed Joseph
 19156 | Lair:1   | Killed Joseph
 20009 | Lair:2   | Reached skill level 10 in Summonings
 20009 | Lair:2   | Reached XP level 15. HP: 64/100 MP: 26/26
 20019 | Lair:2   | Found a staircase to the Shoals.
 20771 | D:10     | Bought a condenser vane for 520 gold pieces
 20828 | Orc:1    | Entered Level 1 of the Orcish Mines
 20853 | Orc:1    | Found Iloobleo's Armour Boutique.
 21568 | Orc:2    | Entered Level 2 of the Orcish Mines
 21604 | Orc:2    | Found Wudebbum's Jewellery Shoppe.
 21623 | Orc:2    | Reached ****** piety under Wu Jian
 21633 | Orc:2    | Bought a +6 ring of intelligence for 612 gold pieces
 21644 | Orc:2    | Learned a level 6 spell: Summon Cactus Giant
 21829 | Orc:2    | Found a staircase to the Elven Halls.
 21857 | Orc:2    | Reached skill level 11 in Summonings
 22271 | Orc:2    | Reached skill level 10 in Long Blades
 22298 | Orc:2    | Found Qussoxzae's General Store.
 22298 | Orc:2    | Found Tabesixt's Antique Weapon Shop.
 22299 | Orc:2    | Found Ximaczor's Antique Armour Shop.
 22322 | Orc:2    | Found Otzyhask's Jewellery Boutique.
 22336 | Orc:2    | Bought 2 potions of heal wounds for 120 gold pieces
 22336 | Orc:2    | Bought a book of Spatial Translocations for 216 gold pieces
 22340 | Orc:2    | Learned a level 2 spell: Blink
 22754 | Lair:3   | Learned a level 2 spell: Jinxbite
 22891 | Lair:3   | Found a hole to the Spider Nest.
 23004 | Lair:3   | Reached skill level 1 in Translocations
 23557 | Lair:3   | Reached XP level 16. HP: 98/106 MP: 26/29
 23842 | Lair:3   | Reached skill level 12 in Summonings
 24516 | Lair:3   | Reached skill level 10 in Spellcasting
 24886 | Lair:3   | Learned a level 4 spell: Cause Fear
 25281 | Lair:4   | Got the Lessons on Creative Immolation
 25996 | Lair:5   | Entered Level 5 of the Lair of Beasts
 26241 | Lair:5   | Reached skill level 1 in Shields
 26253 | Lair:5   | Reached skill level 5 in Hexes
 26708 | Lair:5   | Reached skill level 13 in Summonings
 26725 | Lair:5   | Reached XP level 17. HP: 62/111 MP: 17/31
 26819 | Lair:5   | Found a corrupted altar of Lugonu.
 26821 | Lair:5   | Found a one-way gate to the infinite horrors of the Abyss.
 27404 | Lair:5   | Found a staircase to the Slime Pits.
 27404 | Lair:5   | Found a viscous altar of Jiyva.
 27976 | Orc:2    | Bought a pair of boots for 139 gold pieces
 27976 | Orc:2    | Bought a pair of runed gloves for 232 gold pieces
 28290 | D:6      | Killed PiratePeteNZ's ghost
 28452 | Elf:1    | Entered Level 1 of the Elven Halls
 28468 | Elf:1    | Noticed Zenata
 28482 | Elf:1    | Killed Zenata
 28701 | Elf:1    | Identified the +1 plate armour of Defence {Str+5 Dex+2}
 28711 | Elf:1    | Learned a level 3 spell: Mephitic Cloud
 28916 | Elf:1    | Reached skill level 1 in Poison Magic
 29161 | Elf:1    | Found Xikhlutu's Armour Boutique.
 29600 | Elf:1    | Found Leokiara's Antique Weapon Shop.
 29736 | Elf:1    | Got Ruitutz's Precepts of Assistive Battling
 30211 | Elf:2    | Found a runed translucent gate.
 30212 | Elf:2    | Found a runed translucent gate.
 30213 | Elf:2    | Found a runed translucent gate.
 30221 | Elf:2    | Reached skill level 14 in Summonings
 30276 | Elf:2    | Reached XP level 18. HP: 116/116 MP: 32/32
 31323 | Elf:2    | Learned a level 5 spell: Silence
 31324 | Elf:3    | Entered Level 3 of the Elven Halls
 31516 | Elf:3    | Noticed Roxanne
 31802 | Elf:3    | Paralysed by an air elemental for 1 turns
 32139 | Elf:3    | Noticed a deep elf blademaster
 32140 | Elf:3    | Noticed a deep elf master archer
 32158 | Elf:3    | Killed a deep elf blademaster
 32185 | Elf:3    | Killed a deep elf master archer
 32295 | Elf:3    | Reached skill level 15 in Summonings
 32578 | Elf:3    | Noticed a deep elf blademaster
 32587 | Elf:3    | Killed a deep elf blademaster
 32617 | Elf:3    | Noticed a Brimstone Fiend
 32621 | Elf:3    | Identified the +6 falchion of the Terrible God {flame,
                  | Dex+5}
 32632 | Elf:3    | Noticed a deep elf master archer
 32637 | Elf:3    | Identified the +0 leather armour of Qopis {Regen+ Int+2}
 32637 | Elf:3    | Killed a deep elf master archer
 32676 | Elf:3    | Reached XP level 19. HP: 106/121 MP: 15/33
 32848 | Elf:3    | Identified a scroll of acquirement
 32877 | Elf:3    | Acquired 457 gold pieces
 32884 | Elf:3    | Got the Secrets of the Assembled Dead
 32892 | Elf:3    | Identified the +1 leather armour of Gallantry {Fly rElec}
 33146 | Orc:2    | Bought the ring of Joyf {rPois Int+6 Stlth+} for 700 gold
                  | pieces
 33156 | Orc:2    | Bought a potion of resistance for 120 gold pieces
 33156 | Orc:2    | Bought a potion of enlightenment for 60 gold pieces
 33156 | Orc:2    | Bought a scroll of immolation for 48 gold pieces
 33171 | Orc:2    | Learned a level 7 spell: Summon Hydra
 33367 | Spider:1 | Entered Level 1 of the Spider Nest
 33598 | Spider:1 | Reached skill level 5 in Shields
 34129 | Spider:1 | Reached skill level 16 in Summonings
 34363 | Spider:2 | Found a frozen archway.
 34373 | IceCv    | Entered an ice cave
 35126 | IceCv    | Found an ancient bone altar of Kikubaaqudgha.
 35142 | IceCv    | Identified the ring of the Magpie {rC+ Int+3}
 37096 | Spider:3 | Found a runed translucent door.
 37114 | Spider:3 | Reached XP level 20. HP: 127/127 MP: 12/36
 37263 | Spider:3 | Identified the +1 ring mail "Waafyb Ugin" {Regen+ Stlth+}
 37473 | Spider:4 | Entered Level 4 of the Spider Nest
 37504 | Spider:4 | Reached skill level 10 in Hexes
 37764 | Spider:4 | Reached skill level 17 in Summonings
 37845 | Spider:4 | Got a gossamer rune of Zot
 38939 | D:10     | Bought a phial of floods for 520 gold pieces
 38939 | D:10     | Bought a wand of light (3) for 163 gold pieces
 39148 | Lair:1   | Learned a level 5 spell: Summon Forest
 39187 | Shoals:1 | Entered Level 1 of the Shoals
 40653 | Shoals:1 | Reached skill level 18 in Summonings
 41098 | Shoals:2 | Reached XP level 21. HP: 69/132 MP: 4/39
 41921 | Shoals:3 | Found Oneygepyl's Distillery.
 41926 | Shoals:3 | Bought a potion of heal wounds for 95 gold pieces
 41926 | Shoals:3 | Bought a potion of might for 76 gold pieces
 42089 | Shoals:3 | Found Eckaur's Distillery.
 42142 | Shoals:3 | Bought a potion of heal wounds for 70 gold pieces
 42142 | Shoals:3 | Bought a potion of haste for 140 gold pieces
 42906 | Shoals:3 | Found Puats's Book Emporium.
 43416 | Shoals:3 | Found Boediq's Assorted Antiques.
 43525 | Shoals:4 | Entered Level 4 of the Shoals
 43541 | Shoals:4 | Reached skill level 15 in Spellcasting
 43677 | Shoals:4 | Learned a level 5 spell: Summon Mana Viper
 43734 | Shoals:4 | Got the Compendium of Fascination
 44042 | Shoals:4 | Reached skill level 19 in Summonings
 44172 | Shoals:4 | Got a barnacled rune of Zot
 44379 | Shoals:4 | Noticed Polyphemus
 44388 | Shoals:4 | Killed Polyphemus
 44972 | Vaults:1 | Entered Level 1 of the Vaults
 45510 | Vaults:1 | Paralysed by a formless jellyfish for 1 turns
 45749 | Vaults:1 | Found Dapperiuj's Magic Scroll Boutique.
 45761 | Vaults:1 | Bought a scroll of enchant armour for 90 gold pieces
 45982 | Vaults:1 | Found Sinuim's Distillery.
 46046 | Vaults:1 | Reached XP level 22. HP: 137/137 MP: 28/42
 47100 | Vaults:2 | Found a staircase to the Crypt.
 47148 | Vaults:2 | Reached skill level 20 in Summonings
 47728 | Vaults:2 | Found a runed translucent door.
 47730 | Vaults:2 | Noticed Pawaof's ghost (veteran KoBe)
 48437 | Vaults:2 | Learned a level 5 spell: Yara's Violent Unravelling
 48613 | Vaults:3 | Reached skill level 1 in Transmutations
 48955 | Vaults:3 | Noticed Sojobo
 48970 | Vaults:3 | Killed Sojobo
 49682 | Vaults:4 | Reached skill level 10 in Dodging
 49767 | Vaults:4 | Found Otsetuam's Antique Weapon Emporium.
 49901 | Vaults:4 | Found a magical portal.
 49907 | WizLab   | Entered The Chambers of the Cloud Mage
 50038 | WizLab   | Paralysed by an air elemental for 1 turns
 50124 | WizLab   | Killed from afar by a spriggan air mage

Illustrated notes

Levels and vault maps discovered:
D:1:      erik_arrival_triangle_large, layout_basic,
          dreamdust_ecumenical_altar_sealed_demon, serial_shops, shop,
          supply_closet_lemuel
D:2:      layout_rooms
D:3:      layout_rooms, grunt_dithmenos_smoke, lemuel_crystal_altar
D:4:      layout_cave_pools, minmay_temple_entry_glass, grunt_ministairs_8
D:5:      layout_cave_pools, nicolae_overflow_squiral,
          nicolae_figureground_sparkle
D:6:      layout_loops_ring, minitemple, gammafunk_ghost_stat_death
D:7:      lemuel_ice_spiral_2, layout_basic, fedhas_altar_fruit_tree,
          enter_bailey_4, serial_rivers, chequers_serial_rivers_marsh,
          chequers_serial_rivers_micro_a, chequers_serial_rivers_small_3,
          chequers_serial_rivers_large_b, chequers_serial_rivers_large_a,
          chequers_serial_rivers_room_a
D:8:      layout_basic, minmay_diced_spiral
D:9:      layout_long_grid, dpeg_lair_monsters, nicolae_doodle_vault
D:10:     layout_stronghold, orc_0_dummy, nicolae_shop_gadgets
D:11:     layout_basic
D:12:     layout_long_grid, moated_statue, reono_crystal_passage,
          minmay_crystal_box
D:13:     layout_roguey, hellmonk_vaults_keyhole, eat_drink_and_be_merry_uskayaw
D:14:     layout_stronghold, hangedman_abyss_or_decor_passed, enter_trove_2,
          serial_shops, shop, okawaru_altar_gauntlet_db
D:15:     grunt_enter_depths_snipers, layout_irregular_city,
          serial_park_tiny_pond, grunt_gozag_statues
Temple:   eino_temple_water
Lair:1:   layout_gridlike, gauntlet_entry_generic,
          nicolae_lair_run_with_the_wolves, uniq_joseph
Lair:2:   layout_roguey [special_room_bee], nicolae_shoals_entry_roost,
          st_stairs_9
Lair:3:   nzn_winding_woodlands_huge [nzn_winding_woodlands_5x15_jagged,
          nzn_winding_woodlands_5x15_garden,
          nzn_winding_woodlands_5x15_pathside_ponds,
          nzn_winding_woodlands_5x15_longhouse,
          nzn_winding_woodlands_5x15_crooked, nzn_winding_woodlands_5x15_twine,
          nzn_winding_woodlands_5x15_pool, nzn_winding_woodlands_5x15_pockets,
          nzn_winding_woodlands_5x15_eye, nzn_winding_woodlands_5x15_sidewinder,
          nzn_winding_woodlands_center_diamonds,
          nzn_winding_woodlands_center_garden,
          nzn_winding_woodlands_15x15_thick_spiral], layout_regular_city,
          hellmonk_spider_entry_not_the_bees
Lair:4:   layout_regular_city, grunt_megastairs_1
Lair:5:   hellmonk_lair_end_abyssal_woods, layout_layer_cave,
          nicolae_slime_entry_field_trip
Shoals:1: layout_shoals, nicolae_specific_store, nicolae_shoals_sun_and_surf
Shoals:2: layout_shoals, nicolae_shoals_spring_well_temple
Shoals:3: layout_shoals, serial_shops, shop, shop, nicolae_shop_rolling_square,
          shop
Shoals:4: shoals_end_hellmonk_lost_city, uniq_polyphemus
Spider:1: layout_spider_delve
Spider:2: layout_spider_delve, portal_ice_cave_entry_pillars_four, drop_trap
Spider:3: cheibrodos_spider_deadly_dance
Spider:4: grunt_spider_rune_circles, nicolae_spider_rock_and_or_roll
Orc:1:    layout_caves, serial_shops, nicolae_shop_hallway_plus,
          nooodl_orcs_dogs
Orc:2:    st_orc_pillars, layout_diamond_mine, minmay_shop_enchanted_jewellery,
          blackcustard_rock_pile
Elf:1:    minmay_the_grid_square_5x5_3x3 [minmay_the_grid_square_5x5_lines,
          minmay_the_grid_square_5x5_bite,
          minmay_the_grid_square_5x5_pentomino_r,
          minmay_the_grid_square_5x5_tie,
          minmay_the_grid_square_5x5_megaprize_crossed,
          minmay_the_grid_square_5x5_minivault, minmay_the_grid_square_5x5_comb,
          minmay_the_grid_square_5x5_two, minmay_the_grid_square_5x5_inner_i],
          layout_geoelf_octagon, serial_shops, nicolae_lakefront_shop, shop,
          minmay_elf_sorcery, guppyfry_library_mini, uniq_zenata
Elf:2:    elven_hall_of_blades_hangedman_original
          [nicolae_blade_entry_crossed_weapons], layout_loops_cross, st_stairs_3
Elf:3:    grunt_elf_hall_branching, layout_geoelf_castle, uniq_roxanne,
          uniq_donald
Vaults:1: nicolae_vaults_little_squares_2, v_rooms_3,
          nicolae_vaults_sealed_display, nicolae_vaults_more_shelving_2,
          vaults_room_hangedman_quadrants, v_alt_pattern_2, v_misc_5,
          nicolae_vaults_little_squares_1, layout_vaults_omnigrid, serial_shops,
          nicolae_shop_temple_entry_statues_fountains, shop
Vaults:2: hellmonk_ghost_big_iron, v_misc_23, vaults_mumra_hex,
          blue_anna_dwarven_crypt, ontoclasm_vaults_loading_screen,
          nicolae_vaults_stairing_the_circle, vaults_dpeg_encased_lava,
          dpeg_vaults_monster_box, nicolae_vaults_network_star,
          nicolae_vaults_six-pack, layout_vaults_omnibox
Vaults:3: nicolae_vaults_diagonal_hallway_8, vaults_room_large_hall,
          ontoclasm_vaults_loading_screen, vaults_dpeg_hooks, vaults_dpeg_cross,
          ontoclasm_vaults_loading_screen, v_alt_pattern_6,
          nicolae_vaults_trapezoid_lopsided_3, nicolae_vaults_octothorpe,
          layout_vaults_big_room, uniq_sojobo
Vaults:4: mu_enter_wizlab_3, ontoclasm_vaults_ligature,
          nicolae_vaults_storage_closets_3, v_misc_4, vaults_dpeg_diagonal,
          v_misc_19, ontoclasm_vaults_ring_large,
          nicolae_vaults_little_squares_6, nicolae_vaults_border_crossing,
          v_alt_pattern_4, nicolae_vaults_trapezoid_lopsided_3,
          hangedman_vaults_capsules, nicolae_vaults_theta,
          layout_vaults_maze_snakey, serial_shops, nicolae_shop_trees, shop
WizLab:   wizlab_cloud

Skill      XL: |  1  2  3  4  5  6  7  8  9 10 11 12 13 14 15 16 17 18 19 20 21 22 |
---------------+-------------------------------------------------------------------+-----
Short Blades   | 1 2 3 4 5 6 10 | 10.0
Summonings     | 5 6 7 8 10 11 13 14 15 16 18 19 20 | 20.0
Stealth        | 3 5 6 |  6.0
Hexes          | 2 4 5 7 8 9 10 12 | 12.0
Fighting       | 4 13 14 | 14.0
Dodging        | 4 8 9 10 | 10.5
Ice Magic      | 2 |  2.0
Evocations     | 3 4 7 8 |  8.0
Spellcasting   | 4 6 7 9 10 12 14 16 17 | 17.4
Long Blades    | 1 5 6 8 10 11 12 13 | 13.4
Air Magic      | 2 5 6 |  6.0
Conjurations   | 1 3 4 |  4.0
Armour         | 3 4 |  4.0
Translocations | 2 4 |  4.0
Shields        | 2 4 8 |  8.0
Poison Magic   | 3 4 |  4.0
Transmutations | 4 |  4.1

Action                     |  1- 3 |  4- 6 |  7- 9 | 10-12 | 13-15 | 16-18 | 19-21 | 22-24 || total
---------------------------+-------+-------+-------+-------+-------+-------+-------+-------++-------
  Melee: Unarmed           |     3 |       |       |       |       |       |       |       ||     3
         Dagger            |    73 |    94 |   123 |   146 |    38 |     5 |       |       ||   479
         Punch             |     2 |       |     2 |     4 |    14 |     1 |       |       ||    23
         Scimitar          |       |       |       |   147 |   899 |   829 |   997 |   362 ||  3234
         Quick blade       |       |       |       |       |       |     9 |    46 |       ||    55
  Throw: Boomerang         |       |       |     5 |       |       |       |       |       ||     5
         Dart              |       |       |       |       |    11 |     1 |       |       ||    12
   Cast: Summon Small Mamm |    14 |     9 |       |       |       |       |       |       ||    23
         Call Imp          |    15 |    27 |    16 |    16 |    23 |       |       |       ||    97
         Call Canine Famil |       |    13 |    19 |    26 |    44 |     9 |       |       ||   111
         Summon Guardian G |       |       |     3 |    24 |    23 |     5 |       |     1 ||    56
         Ensorcelled Hiber |       |       |       |     4 |       |       |       |       ||     4
         Summon Lightning  |       |       |       |     6 |    43 |    13 |     4 |       ||    66
         Dazzling Flash    |       |       |       |     2 |     3 |       |     2 |       ||     7
         Jinxbite          |       |       |       |       |     6 |     7 |       |       ||    13
         Summon Cactus Gia |       |       |       |       |     3 |    64 |    29 |     5 ||   101
         Mephitic Cloud    |       |       |       |       |       |    13 |     2 |       ||    15
         Swiftness         |       |       |       |       |       |     1 |       |       ||     1
         Summon Hydra      |       |       |       |       |       |       |   204 |    60 ||   264
         Summon Forest     |       |       |       |       |       |       |     4 |     2 ||     6
         Summon Mana Viper |       |       |       |       |       |       |     9 |     3 ||    12
         Yara's Violent Un |       |       |       |       |       |       |       |     1 ||     1
 Invoke: Serpent's Lash    |       |       |       |       |    23 |    22 |    25 |     9 ||    79
         Heavenly Storm    |       |       |       |       |     1 |     2 |     2 |     1 ||     6
Ability: Lunge             |       |    14 |    32 |    36 |   108 |   111 |   141 |    36 ||   478
         Whirlwind         |       |       |     2 |    54 |   387 |   278 |   369 |   165 ||  1255
         Wall Jump         |       |       |       |     3 |     7 |    11 |     2 |       ||    23
  Evoke: Wand              |       |       |       |     6 |    10 |     4 |     3 |       ||    23
         Lightning rod     |       |       |       |     2 |    10 |    16 |    14 |     2 ||    44
         Phantom mirror    |       |       |       |       |     1 |       |       |       ||     1
         Condenser vane    |       |       |       |       |       |     1 |     2 |       ||     3
    Use: Scroll            |     1 |     2 |     5 |     7 |    17 |     8 |     5 |     1 ||    46
         Potion            |     1 |       |     4 |     5 |     2 |     9 |     1 |     2 ||    24
   Stab: Distracted        |     1 |     4 |     3 |     5 |    20 |    10 |    34 |    10 ||    87
         Sleeping          |     4 |     9 |    12 |    15 |    42 |    38 |    38 |     9 ||   167
         Invisible         |       |       |       |     1 |     3 |     2 |     6 |       ||    12
         Petrified         |       |       |       |       |     3 |     3 |       |       ||     6
         Petrifying        |       |       |       |       |     1 |       |       |       ||     1
         Confused          |       |       |       |       |       |     8 |       |       ||     8
 Armour: Robe              |    32 |    31 |    45 |   104 |       |       |       |       ||   212
         Troll leather arm |       |       |       |     1 |   399 |   279 |   450 |   153 ||  1282
  Dodge: Dodged            |    69 |    70 |   101 |   217 |   872 |   484 |   699 |   217 ||  2729
  Block: Buckler           |       |       |       |       |       |   110 |   361 |   124 ||   595

Table legend: (Time is in decaauts)
 A = Elapsed time spent in this place.
 B = Non-inter-level travel time spent in this place.
 C = Inter-level travel time spent in this place.
 D = Time resting spent in this place.
 E = Time spent auto-exploring this place.
 F = Levels seen in this place.
 G = Mean time per level.
                   A        B        C        D        E       F      G
               +--------+--------+--------+--------+--------+-----+--------+
         Total |  50392 |  46749 |   3643 |   3649 |  31253 |  42 | 1199.8 |
       Dungeon |  18565 |  16747 |   1818 |   1155 |  11994 |  15 | 1237.7 |
        Temple |     34 |      2 |     32 |      0 |      0 |   1 |   34.0 |
          Lair |   7575 |   6717 |    858 |    514 |   4472 |   5 | 1515.0 |
        Shoals |   5857 |   5688 |    169 |    166 |   4451 |   4 | 1464.2 |
   Spider Nest |   4547 |   4398 |    149 |    258 |   3052 |   4 | 1136.8 |
  Orcish Mines |   2092 |   1736 |    356 |     34 |   1195 |   2 | 1046.0 |
   Elven Halls |   4565 |   4432 |    133 |    633 |   1905 |   3 | 1521.7 |
        Vaults |   4902 |   4777 |    125 |     50 |   3876 |   4 | 1225.5 |
        Bailey |    476 |    476 |      0 |    199 |      0 |   1 |  476.0 |
      Ice Cave |    860 |    860 |      0 |    435 |      0 |   1 |  860.0 |
        Wizlab |    214 |    214 |      0 |    121 |      0 |   1 |  214.0 |
      Gauntlet |    701 |    701 |      0 |     83 |    307 |   1 |  701.0 |
               +--------+--------+--------+--------+--------+-----+--------+

Top non-repeatable levels by time:
  Lair:3: 2254 daAuts
     D:9: 2026 daAuts
Vaults:2: 1818 daAuts
Shoals:1: 1802 daAuts
Shoals:3: 1785 daAuts
  Lair:5: 1709 daAuts
   Elf:3: 1697 daAuts
Vaults:1: 1620 daAuts
    D:10: 1578 daAuts
    D:14: 1544 daAuts
  Lair:1: 1527 daAuts
Spider:3: 1472 daAuts
   Elf:2: 1461 daAuts
    D:13: 1453 daAuts
     D:6: 1426 daAuts
